 Dungeon Crawl Stone Soup version 0.28.0-62-gf88900778d (webtiles) character file.

Game seed: 17708054763376536011

33128 Coron the Fighter (level 13, -1/135 HPs)
             Began as a Deep Dwarf Delver on Mar 31, 2023.
             Was a Priest of Qazlal.
             Slain by a troll (2 damage)
             ... on level 13 of the Dungeon.
             The game lasted 01:15:55 (11880 turns).

Coron the Fighter (Deep Dwarf Delver)              Turns: 11880, Time: 01:15:55

Health: -1/135     AC: 23    Str: 26    XL:     13   Next: 35%
Magic:  6/6        EV: 11    Int: 12    God:    Qazlal [***...]
Gold:   1216       SH:  4    Dex: 16    Spells: 12/12 levels left

rFire   x . .      SeeInvis .   t - +8 rapier of Certain Death {freeze, rPois rF- rCorr Dex+2}
rCold   . . .      Faith    +   (no shield)
rNeg    . . .      Spirit   .   y - +2 chain mail {Will+}
rPois   +          Reflect  .   (no helmet)
rElec   .          Harm     .   v - +1 cloak
rCorr   +          Rampage  .   (no gloves)
Will    ++...                   R - +1 pair of boots {Fly}
Stlth   ..........              j - amulet of faith
HPRegen 0.00/turn               W - +6 ring of strength
MPRegen 0.10/turn               x - +4 ring of protection

@: flying
A: damage resistance, heal wounds, sense surroundings 2, no regeneration
a: Heal Wounds, Renounce Religion, Upheaval, Elemental Force


You were on level 13 of the Dungeon.
You worshipped Qazlal.
Qazlal was most pleased with you.
You visited 3 branches of the dungeon, and saw 17 of its levels.
You also visited: Bailey and Gauntlet.

You collected 1616 gold pieces.
You spent 400 gold pieces at shops.

Inventory:

Hand Weapons
 p - a +5 scimitar of holy wrath
 t - the +8 rapier of Certain Death (weapon) {freeze, rPois rF- rCorr Dex+2}
   (You found it on level 2 of the Dungeon)

   It freezes those it strikes, dealing additional cold damage.
   It can also slow down cold-blooded creatures.
   Dex:       It affects your dexterity (+2).
   rF:        It makes you vulnerable to fire.
   rPois:     It protects you from poison.
   rCorr:     It protects you from acid and corrosion.
 Q - the +2 war axe of the Destroying Goat {venom, Int+3 Dex+3}
   (You took it off a kobold in a bailey)

   It poisons the flesh of those it strikes.
   Int:       It affects your intelligence (+3).
   Dex:       It affects your dexterity (+3).
 V - a +0 hunting sling of flaming
 Y - the +3 longbow of Pain and Death {vorpal, Str+4}
   (You took it off a minotaur in a Gauntlet)

   Any ammunition fired from it inflicts extra damage upon your enemies.
   Str:       It affects your strength (+4).
Missiles
 B - 260 stones
 E - a throwing net
 I - 17 poisoned darts (quivered)
 L - 63 sling bullets
 O - 6 atropa-tipped darts
 Z - 4 silver javelins
Armour
 o - +0 acid dragon scales
 v - a +1 cloak (worn)
 y - a +2 chain mail of willpower (worn)
 z - a +0 plate armour
 N - +1 swamp dragon scales
 R - a +1 pair of boots of flying (worn)
 U - the +3 hat of Pondering {ponderous, Will+ MP+10 Int+5}
   (You found it in a bailey)

   Int:       It affects your intelligence (+5).
   MP:        It affects your magic capacity (+10).
   Will:      It increases your willpower.
Jewellery
 a - an amulet of guardian spirit
 b - an amulet of the acrobat
 j - an amulet of faith (around neck)
 x - a +4 ring of protection (right hand)
 D - a ring of see invisible
 K - the ring "Irhou" {*Slow rPois MP+9 Str+2 SInv}
   (You found it in a Gauntlet)

   [ring of magical power]

   Str:       It affects your strength (+2).
   rPois:     It protects you from poison.
   MP:        It affects your magic capacity (+9).
   SInv:      It lets you see invisible.
   *Slow:     It may slow you when you take damage.
 M - the ring "Qeloll" {rN++ AC+4 Str-2 Int+6}
   (You found it on level 7 of the Dungeon)

   [ring of protection]

   AC:        It affects your AC (+4).
   Str:       It affects your strength (-2).
   Int:       It affects your intelligence (+6).
   rN:        It greatly protects you from negative energy.
 W - a +6 ring of strength (left hand)
Wands
 g - a wand of digging (14)
 q - a wand of charming (4)
 H - a wand of flame (28)
Scrolls
 c - 2 scrolls of fog
 d - 3 scrolls of magic mapping
 e - a scroll of fear
 k - a scroll of immolation {unknown}
 l - a scroll of blinking
 m - 2 scrolls of summoning
 A - 4 scrolls of teleportation
 J - a scroll of enchant weapon
 X - a scroll of silence
Potions
 f - 2 potions of haste
 i - 2 potions of cancellation
 n - a potion of berserk rage
 r - 3 potions of curing
 u - a potion of brilliance
 w - 3 potions of mutation
 C - a potion of invisibility
 F - 2 potions of resistance
Miscellaneous
 G - a box of beasts (inert)
 P - a tin of tremorstones (inert)
 S - a phial of floods (inert)


   Skills:
 - Level 14.0 Fighting
 - Level 8.0 Short Blades
 - Level 3.0 Axes
 - Level 13.0 Armour
 - Level 4.1 Dodging
 - Level 6.0 Stealth
 + Level 11.9 Invocations


You had 12 spell levels left.
You didn't know any spells.
Your spell library contained the following spells:

 Spells                   Type           Power      Damage    Failure   Level
 Animate Skeleton         Necr           0%         N/A       80%         1
 Apportation              Tloc           0%         N/A       80%         1
 Foxfire                  Conj/Fire      0%         2x1d4     80%         1
 Pain                     Necr           0%         1d4       80%         1
 Sting                    Tmut/Pois      0%         1d3       80%         1
 Corpse Rot               Necr/Air       0%         N/A       90%         2
 Poisonous Vapours        Pois/Air       0%         N/A       90%         2
 Static Discharge         Conj/Air       0%         N/A       90%         2
 Conjure Flame            Conj/Fire      0%         6-21      99%         3
 Ignite Poison            Fire/Tmut/Pois 0%         N/A       99%         3
 Inner Flame              Hex/Fire       0%         N/A       99%         3
 Tukima's Dance           Hex            0%         N/A       99%         3
 Vampiric Draining        Necr           0%         2d6       99%         3
 Anguish                  Hex/Necr       0%         N/A       100%        4
 Cause Fear               Hex            0%         N/A       100%        4
 Dispel Undead            Necr           0%         3d6       100%        4
 Flame Wave               Conj/Fire      0%         2d4       100%        4
 Sticky Flame             Conj/Fire      0%         2d3       100%        4
 Alistair's Intoxication  Tmut/Pois      0%         N/A       100%        5
 Conjure Ball Lightning   Conj/Air       0%         3x3d6     100%        6
 Dragon Form              Tmut           0%         N/A       100%        7
 Enfeeble                 Hex            0%         N/A       100%        7
 Discord                  Hex            0%         N/A       100%        8
 Disjunction              Tloc           0%         N/A       100%        8
 Dragon's Call            Summ           0%         N/A       100%        9


Dungeon Overview and Level Annotations

Branches:
Dungeon (13/15)            Temple (0/1) D:4            Lair (2/6) D:8
    Orc (2/2) D:11            Elf (0/3) Orc:2        Bailey (visited)
Gauntlet (visited)
  Swamp: Lair:2-4    Shoals: Lair:2-4     Snake: Lair:2-4    Spider: Lair:2-4
 Vaults: D:13-14

Altars:
Ashenzari
Fedhas
Makhleb
Qazlal
Uskayaw
Vehumet
Xom

Shops:
D:11 (   Orc:2 !

Annotations:
D:6 cyclopian
D:10 1 runed translucent door, exclusion: upstairs
Lair:1 exclusions: oklob plant and 6 more exclusions


Innate Abilities, Weirdness & Mutations

You are resistant to damage.
You can heal yourself by infusing magical energy.
You passively map the area around you.
You do not regenerate.


Message History

You fly downwards.
There is a stone staircase leading up here.
There is a stone staircase leading down here.
You fly downwards.
There is a stone staircase leading up here.
A gargoyle comes into view. It is wielding a +0 mace.
The gargoyle moves out of view.
You hear a shout!
Found a stone staircase leading down.
A troll comes into view.
You hit the gargoyle. You freeze the gargoyle.
The gargoyle is moderately damaged.
You hit the gargoyle but do no damage.
The gargoyle is moderately damaged.
The gargoyle hits you with a +0 mace!
* * * LOW HITPOINT WARNING * * *
You hit the gargoyle but do no damage.
The gargoyle is moderately damaged.
You block the gargoyle's attack.
You hit the gargoyle. You freeze the gargoyle.
The gargoyle is moderately damaged.
The gargoyle closely misses you.
You barely miss the gargoyle.
The gargoyle is moderately damaged.
The gargoyle hurls a stone arrow at you.
The stone arrow misses you.
You hit the gargoyle but do no damage.
The gargoyle is moderately damaged.
You hit the gargoyle but do no damage.
The gargoyle is moderately damaged.
The gargoyle hits you with a +0 mace!
* * * LOW HITPOINT WARNING * * *
You hit the gargoyle but do no damage.
The gargoyle is moderately damaged.
The gargoyle hurls a stone arrow at you.
You block the stone arrow.
You hit the gargoyle. You freeze the gargoyle.
The gargoyle is heavily damaged.
The troll bites you.
You die...

#....<......# * ... ,
#......##..## * .....
, ,
##..#.###..#####....,
,, , ,
########...........,
, #...#........ . ,
##........#....
##.....#.#.... ,
##....T......* ,
###ยง@9...... ,,
#.##...... , , ###
......, , , * , ....
, , , *..> , * ,, ..
*#* * * *


You could see a troll and a gargoyle.

Vanquished Creatures
  An orc warlord (Orc:1)
  A minotaur (Gauntlet)
  A boulder beetle (Lair:2)
  Fannar (D:10)
  7 two-headed ogres
  2 hydras (Lair:1)
  Nergalle (D:11)
  3 orc knights
  An obsidian statue (Gauntlet)
  2 ugly things (D:12)
  2 orc sorcerers (Orc:2)
  4 cyclopes
  A manticore (D:12)
  Joseph (D:7)
  3 black mambas (Lair:1)
  A cane toad (Lair:1)
  2 gargoyles
  Maggie (D:8)
  A komodo dragon (D:7)
  A kobold demonologist (D:10)
  A troll (D:11)
  3 meliai (Gauntlet)
  4 blink frogs
  A vampire (D:11)
  A wraith (D:9)
  A spriggan (Lair:2)
  6 yaks
  5 wyverns
  2 basilisks (D:8)
  4 steam dragons (D:8)
  Grum (D:11)
  3 vampire mosquitoes (D:12)
  A warg (Orc:1)
  3 acid dragons
  7 water moccasins
  Duvessa (D:4)
  2 black bears
  A sky beast (D:8)
  8 orc warriors
  A necrophage (D:6)
  12 ogres
  2 ice beasts
  3 wolves (D:11)
  A centaur (D:12)
  A phantom (D:6)
  A kobold brigand (D:7)
  A scorpion (D:7)
  3 bullfrogs
  A wyvern zombie (D:6)
  2 gnoll sergeants
  A water moccasin zombie (D:6)
  Dowan (D:4)
  A water moccasin skeleton (D:6)
  7 killer bees
  3 howler monkeys
  18 wights
  4 crimson imps (D:3)
  4 jellies
  4 centaur zombies
  5 orc priests
  2 hounds
  3 bullfrog skeletons
  Jessica (D:2)
  2 iguanas (D:5)
  15 orc wizards
  3 adders
  14 gnolls
  5 shadow imps
  An ufetubus (D:6)
  An adder skeleton (D:4)
  A worm (D:4)
  A dart slug (D:3)
  34 orcs
  5 ball pythons
  5 bats
  4 endoplasms
  5 giant cockroaches
  9 goblins
  5 hobgoblins
  4 jackals
  24 kobolds
  2 quokkas (D:1)
  A frilled lizard (D:1)
  4 rats
319 creatures vanquished.

Vanquished Creatures (collateral kills)
  A hydra (D:12)
  An ogre mage (Orc:2)
  4 two-headed ogres
  An orc knight (Bailey)
  A bullfrog (D:6)
  A kobold (Bailey)
9 creatures vanquished.

Vanquished Creatures (others)
  An iguana (D:8)
  4 fungi
  44 plants
49 creatures vanquished.

Grand Total: 377 creatures vanquished

Notes
Turn   | Place    | Note
-------+----------+-------------------------------------------
     0 | D:5      | Coron the Deep Dwarf Delver began the quest for the Orb.
     0 | D:5      | Reached XP level 1. HP: 20/20 MP: 1/1
   361 | D:1      | Reached XP level 2. HP: 10/27 MP: 2/2
   363 | D:1      | Reached skill level 3 in Fighting
   589 | D:1      | Found a faded altar of an unknown god.
   613 | D:1      | Prayed at the altar of an unknown god.
   613 | D:1      | Became a worshipper of Qazlal Stormbringer
   613 | D:1      | Reached * piety under Qazlal
   680 | D:1      | Reached XP level 3. HP: 34/34 MP: 3/3
  1114 | D:2      | Reached XP level 4. HP: 42/42 MP: 4/4
  1165 | D:2      | Noticed Jessica
  1175 | D:2      | Killed Jessica
  1176 | D:2      | Reached skill level 1 in Armour
  1519 | D:2      | Identified the +8 rapier of Certain Death {freeze, rPois
                  | rF- rCorr Dex+2}
  1702 | D:2      | Reached ** piety under Qazlal
  2151 | D:3      | Found a shimmering altar of Xom.
  2162 | D:3      | Reached XP level 5. HP: 43/49 MP: 5/5
  2203 | D:3      | Reached XP level 6. HP: 50/57 MP: 6/6
  2334 | D:3      | Reached skill level 4 in Fighting
  2509 | D:4      | Found a radiant altar of Vehumet.
  2558 | D:4      | Found a burning altar of Makhleb.
  2579 | D:4      | Noticed Dowan
  2581 | D:4      | Noticed Duvessa
  2607 | D:4      | Killed Duvessa
  2608 | D:4      | Reached skill level 5 in Armour
  2608 | D:4      | Killed Dowan
  2637 | D:4      | Reached XP level 7. HP: 52/64 MP: 7/7
  2710 | D:4      | Found a staircase to the Ecumenical Temple.
  3027 | D:5      | Reached skill level 5 in Fighting
  3030 | D:5      | Found a blossoming altar of Fedhas.
  3166 | D:5      | Reached skill level 1 in Short Blades
  3569 | D:6      | Reached XP level 8. HP: 48/75 MP: 3/10
  3586 | D:6      | Reached skill level 6 in Fighting
  3688 | D:6      | Reached skill level 7 in Fighting
  3689 | D:6      | Noticed a cyclops
  3989 | D:6      | Reached *** piety under Qazlal
  4311 | D:7      | Noticed a komodo dragon
  4343 | D:6      | Gained mutation: You passively map the area around you.
                  | [Deep Dwarf growth]
  4343 | D:6      | Reached XP level 9. HP: 14/86 MP: 4/10
  4398 | D:7      | Killed a komodo dragon
  4399 | D:7      | Reached skill level 5 in Invocations
  4634 | D:7      | Reached skill level 8 in Fighting
  4673 | D:7      | Noticed Joseph
  4696 | D:7      | Killed Joseph
  4729 | D:7      | Identified the ring "Qeloll" {rN++ AC+4 Str-2 Int+6}
  4865 | D:7      | Reached skill level 9 in Fighting
  5040 | D:7      | Found a hide-covered altar of Uskayaw.
  5146 | D:8      | Reached XP level 10. HP: 72/99 MP: 11/11
  5177 | D:8      | Reached skill level 10 in Armour
  5202 | D:8      | Reached skill level 5 in Short Blades
  5213 | D:8      | Found a staircase to the Lair.
  5305 | D:8      | Reached **** piety under Qazlal
  5456 | D:8      | Noticed a cyclops
  5466 | D:8      | Killed a cyclops
  5469 | D:8      | Found a broken altar of Ashenzari.
  5532 | D:8      | Noticed Maggie
  5547 | D:8      | Killed Maggie
  6059 | D:9      | Reached skill level 10 in Fighting
  6093 | D:9      | Found a flagged portal.
  6101 | Bailey   | Entered a bailey
  6148 | Bailey   | Noticed an orc knight
  6156 | Bailey   | Killed an orc knight
  6182 | Bailey   | Noticed an orc knight
  6196 | Bailey   | Identified the +2 war axe of the Destroying Goat {venom,
                  | Int+3 Dex+3}
  6210 | Bailey   | Killed an orc knight
  6211 | Bailey   | Reached XP level 11. HP: 49/108 MP: 7/12
  6274 | Bailey   | Found the +3 hat of Pondering {ponderous, Will+ MP+10
                  | Int+5}
  6833 | D:10     | Entered Level 10 of the Dungeon
  7427 | D:10     | Noticed Fannar
  7809 | D:10     | Found a runed translucent door.
  7810 | D:10     | Noticed an orc knight
  7811 | D:10     | Identified the +2 robe of the Peculiar Mice {Dex+4}
  8174 | D:10     | Killed Fannar
  8282 | D:10     | Noticed a two-headed ogre
  8306 | D:11     | Noticed a two-headed ogre
  8312 | D:11     | Killed a two-headed ogre
  8469 | D:11     | Found a stormy altar of Qazlal.
  8570 | D:11     | Noticed Nergalle
  8578 | D:11     | Noticed Grum
  8692 | D:11     | Found Desaroar's Antique Weapon Shop.
  8798 | D:11     | Found a staircase to the Orcish Mines.
  8936 | D:11     | Killed Nergalle
  8937 | D:11     | Reached skill level 11 in Fighting
  8961 | D:11     | Killed Grum
  9110 | D:12     | Noticed a two-headed ogre
  9127 | D:12     | Killed a two-headed ogre
  9178 | D:12     | Reached skill level 12 in Fighting
  9428 | D:12     | Found a gate leading to a gauntlet.
  9443 | D:12     | Noticed a brown ugly thing
  9465 | D:12     | Killed a brown ugly thing
  9466 | D:12     | Reached XP level 12. HP: 27/122 MP: 11/11
  9470 | Gauntlet | Entered a Gauntlet
  9470 | Gauntlet | Found a transporter.
  9470 | Gauntlet | Found a transporter.
  9471 | Gauntlet | Found a transporter.
  9474 | Gauntlet | Found a transporter.
  9475 | Gauntlet | Found a transporter.
  9492 | Gauntlet | Found a transporter.
  9502 | Gauntlet | Found a transporter.
  9517 | Gauntlet | Found a transporter.
  9519 | Gauntlet | Found a large runed translucent door.
  9520 | Gauntlet | Found a large runed translucent door.
  9521 | Gauntlet | Found a large runed translucent door.
  9521 | Gauntlet | Found a large runed translucent door.
  9521 | Gauntlet | Found a runed translucent door.
  9521 | Gauntlet | Found a runed translucent door.
  9522 | Gauntlet | Found a large runed translucent door.
  9523 | Gauntlet | Found a large runed translucent door.
  9523 | Gauntlet | Found a large runed translucent door.
  9523 | Gauntlet | Found a large runed translucent door.
  9523 | Gauntlet | Found a large runed translucent door.
  9523 | Gauntlet | Found a large runed translucent door.
  9524 | Gauntlet | Found a large runed translucent door.
  9524 | Gauntlet | Found a large runed translucent door.
  9524 | Gauntlet | Found a large runed translucent door.
  9524 | Gauntlet | Found a large runed translucent door.
  9526 | Gauntlet | Found a runed translucent gate.
  9526 | Gauntlet | Found a runed translucent gate.
  9526 | Gauntlet | Found a runed translucent gate.
  9528 | Gauntlet | Found a transporter.
  9539 | Gauntlet | Found a large runed translucent door.
  9543 | Gauntlet | Found a transporter.
  9549 | Gauntlet | Found a transporter.
  9560 | Gauntlet | Found a transporter.
  9582 | Gauntlet | Found a large runed translucent door.
  9825 | Gauntlet | Identified the ring "Irhou" {*Slow rPois MP+9 Str+2 SInv}
  9885 | Gauntlet | Identified the +3 longbow of Pain and Death {vorpal, Str+4}
  9885 | Gauntlet | Noticed a minotaur
  9921 | Gauntlet | Killed a minotaur
  9949 | Gauntlet | Got the Almanac of Toxins
 10060 | D:12     | Noticed a four-headed hydra
 10067 | D:12     | Killed a four-headed hydra
 10081 | D:12     | Reached skill level 13 in Fighting
 10280 | Orc:1    | Entered Level 1 of the Orcish Mines
 10446 | Orc:2    | Entered Level 2 of the Orcish Mines
 10446 | Orc:2    | Found Iphaum's Distillery.
 10446 | Orc:2    | Found a staircase to the Elven Halls.
 10453 | Orc:2    | Noticed an orc warlord
 10492 | Orc:2    | Noticed a two-headed ogre
 10498 | Orc:1    | Killed a two-headed ogre
 10521 | Orc:1    | Killed an orc warlord
 10566 | Orc:2    | Paralysed by an orc sorcerer for 4 turns
 10622 | Orc:2    | Bought a potion of curing for 48 gold pieces
 10622 | Orc:2    | Bought a potion of mutation for 128 gold pieces
 10622 | Orc:2    | Bought a potion of berserk rage for 80 gold pieces
 10622 | Orc:2    | Bought a potion of curing for 48 gold pieces
 10622 | Orc:2    | Bought a potion of curing for 48 gold pieces
 10622 | Orc:2    | Bought a potion of curing for 48 gold pieces
 10679 | Orc:2    | Noticed a two-headed ogre
 10682 | Orc:2    | Noticed a two-headed ogre
 10686 | Orc:2    | Noticed a two-headed ogre
 10688 | Orc:2    | Noticed an ogre mage
 10688 | Orc:2    | Noticed a two-headed ogre
 10691 | Orc:2    | Killed a two-headed ogre
 10691 | Orc:2    | Noticed a two-headed ogre
 10692 | Orc:2    | Reached skill level 10 in Invocations
 10693 | Orc:2    | Killed a two-headed ogre
 10694 | Orc:2    | Killed an ogre mage
 10696 | Orc:2    | Noticed a two-headed ogre
 10696 | Orc:2    | Killed a two-headed ogre
 10704 | Orc:2    | Killed a two-headed ogre
 10712 | Orc:2    | Noticed a two-headed ogre
 10725 | Orc:2    | Killed a two-headed ogre
 10729 | Orc:2    | Killed a two-headed ogre
 10737 | Orc:2    | Noticed a two-headed ogre
 10738 | Orc:2    | Killed a two-headed ogre
 10739 | Orc:2    | Reached XP level 13. HP: 45/134 MP: 7/9
 10769 | Orc:2    | Reached skill level 14 in Fighting
 10937 | Lair:1   | Entered Level 1 of the Lair of Beasts
 11660 | Lair:2   | HP: 4/135 [boulder beetle (17)]
 11878 | D:13     | HP: 1/135 [gargoyle/+0 mace (14)]
 11880 | D:13     | Slain by a troll

Illustrated notes

Levels and vault maps discovered:
D:1:      ncdulo_wetmaze, layout_loops_ring, dreamdust_ecumenical_altar_statues
D:2:      layout_basic, serial_curves, eino_curves_02, eino_curves_04,
          grunt_ministairs_13, minmay_misc_feat_rugged, kennysheep_nondescript,
          uniq_jessica
D:3:      layout_basic, led_xom_imps
D:4:      layout_gridville, nicolae_vehumet_altar_sigil, lemuel_crystal_altar,
          minmay_temple_entry_grid, uniq_duvessa
D:5:      layout_loops_ring, mainiacjoe_overflow_24_doors
D:6:      layout_rooms, minivault_1
D:7:      layout_cave_pools, nicolae_uskayaw_dance_studio,
          nicolae_fountain_basement, uniq_joseph
D:8:      layout_loops_ring, general_overflow_altar, minmay_lair_entry_grove,
          uniq_maggie
D:9:      layout_basic, enter_bailey_3
D:10:     layout_stronghold, minivault_13, uniq_fannar
D:11:     layout_basic, orc_0_dummy, serial_shops, kennysheep_mini,
          grunt_qazlal_sundering, uniq_grum, uniq_nergalle
D:12:     layout_basic, gauntlet_entry_generic, drop_trap,
          minmay_misc_feat_doors
D:13:     layout_cave_pools, skrybe_vaults_entry_preservation,
          kennysheep_opposing_triangles, uniq_frances, uniq_rupert
Lair:1:   minmay_lair_oklob_tunnel, layout_misc_corridors,
          nicolae_quartered_pool_medium
Lair:2:   kb_forest_paths, layout_gridlike
Orc:1:    layout_caves, minmay_orc_keep
Orc:2:    st_orc_ogre_mass, layout_caves, serial_shops, shop_fountains,
          guppyfry_orc_lava_fort

Skill      XL: |  1  2  3  4  5  6  7  8  9 10 11 12 13 |
---------------+----------------------------------------+-----
Fighting       | 3 4 5 7 9 10 12 13 14 | 14.0
Axes           | 3 |  3.0
Dodging        | 3 4 |  4.1
Armour         | 3 4 5 6 7 8 11 12 13 | 13.0
Invocations    | 3 4 6 8 11 | 11.9
Short Blades   | 2 3 4 5 6 8 |  8.0
Stealth        | |  6.0

Action                   |  1- 3 |  4- 6 |  7- 9 | 10-12 | 13-15 || total
-------------------------+-------+-------+-------+-------+-------++-------
Melee: Hand axe          |    82 |    25 |       |       |       ||   107
       Punch             |     2 |     1 |     1 |    10 |     3 ||    17
       Rapier            |       |    65 |   235 |   539 |   116 ||   955
 Fire: Hunting sling     |       |       |     3 |       |       ||     3
Throw: Stone             |       |       |     4 |       |       ||     4
       Dart              |       |       |     5 |     4 |       ||     9
Invok: Upheaval          |       |       |     4 |     2 |     2 ||     8
       Elemental Force   |       |       |     1 |     7 |     1 ||     9
 Abil: Heal Wounds       |     1 |     2 |     8 |    26 |     7 ||    44
Evoke: Wand              |       |       |     7 |     8 |     4 ||    19
       Phial of floods   |       |       |       |     2 |       ||     2
       Tin of tremorston |       |       |       |     2 |       ||     2
       Box of beasts     |       |       |       |       |     1 ||     1
  Use: Scroll            |       |     3 |     7 |     8 |     3 ||    21
       Potion            |       |       |     1 |     6 |     6 ||    13
 Stab: Sleeping          |     3 |       |       |       |       ||     3
       Paralysed         |       |       |       |     1 |     1 ||     2
       Invisible         |       |       |       |     2 |       ||     2
       Distracted        |       |       |       |       |     1 ||     1
Armor: Leather armour    |    14 |       |       |       |       ||    14
       Acid dragon scale |    19 |    49 |    30 |       |       ||    98
       Ring mail         |     2 |       |       |       |       ||     2
       Chain mail        |       |       |    69 |   315 |    49 ||   433
Dodge: Dodged            |    84 |    78 |   111 |   251 |    43 ||   567
       Repelled          |       |       |       |     4 |       ||     4
Block: Other             |     5 |    10 |    38 |   118 |    21 ||   192
